 Dungeon Crawl Stone Soup version 0.21.1-1-g345015f (webtiles) character file.

112464 grindst0ne the Warrior (level 17, -4/120 HPs)
             Began as a Formicid Chaos Knight on Feb 20, 2018.
             Slain by an anaconda (13 damage)
             ... on level 3 of the Lair of Beasts on Feb 21, 2018.
             The game lasted 01:55:59 (26870 turns).

grindst0ne the Warrior (Formicid Chaos Knight)     Turns: 26870, Time: 01:56:00

Health: -4/120     AC: 18    Str: 30    XL:     17   Next: 15%
Magic:  21/21      EV: 14    Int: 21    God:    Xom [*.....]
Gold:   553        SH: 17    Dex: 12    Spells: 7/16 levels left

rFire    + . .     SeeInvis +   F - +10 trident of Kugieleh {drain, Str+7}
rCold    + . .     Gourm    .   Y - +0 shield
rNeg     . . .     Faith    .   k - +3 troll leather armour of Qomugunu {-Tele +Inv Regen+ Int+6}
rPois    +         Spirit   .   (helmet unavailable)
rElec    +         Reflect  +   A - +0 cloak
rCorr    +         Harm     .   I - +4 pair of gloves of the Pleiades {rCorr}
MR       ++++.                  g - +0 pair of boots
Stlth    +.........             b - +3 amulet of reflection
HPRegen  0.70/turn              n - ring "Wieqo" {-Tele rPois rC+ MR+ Str+4}
MPRegen  0.17/turn              p - ring of Beauty {Wiz *Drain rElec rF+}

@: constricted, drained
A: permanent stasis, dig shafts and tunnels, four strong arms, antennae 3,
blurry vision 1, deterioration 1, frail 2, magic resistance 2
a: Dig, Shaft Self, Renounce Religion, Evoke Invisibility


You were on level 3 of the Lair of Beasts.
You worshipped Xom.
You were a special plaything of Xom.
You were not hungry.

You visited 4 branches of the dungeon, and saw 24 of its levels.
You visited the Abyss 3 times.
You also visited: Ice Cave.

You collected 3017 gold pieces.
You spent 2464 gold pieces at shops.

Inventory:

Hand Weapons
 F - the +10 trident of Kugieleh (weapon) {drain, Str+7}
   (You found it on level 8 of the Dungeon)

   A truly terrible weapon, it drains the life of those it strikes.
   It affects your strength (+7).
Armour
 g - a +0 pair of boots (worn)
 k - the +3 troll leather armour of Qomugunu (worn) {-Tele +Inv Regen+ Int+6}
   (You bought it in a shop on level 2 of the Orcish Mines)

   It affects your intelligence (+6).
   It lets you turn invisible.
   It prevents most forms of teleportation.
   It increases your rate of regeneration.
 A - a +0 cloak (worn)
 C - a +0 plate armour
 I - the +4 pair of gloves of the Pleiades (worn) {rCorr}
   (You found it on level 8 of the Dungeon)

   It protects you from acid and corrosion.
 J - the +2 pair of gloves of Valiance {rF+ Str+4 Int-3}
   (Xom gifted it to you on level 11 of the Dungeon)

   It affects your strength (+4).
   It affects your intelligence (-3).
   It protects you from fire.
 Y - a +0 shield (worn)
Jewellery
 b - a +3 amulet of reflection (around neck)
 d - a +4 ring of protection
 i - an uncursed ring of protection from magic
 n - the ring "Wieqo" (left hand) {-Tele rPois rC+ MR+ Str+4}
   (You bought it in a shop on level 2 of the Orcish Mines)

   [ring of protection from cold]

   It affects your strength (+4).
   It protects you from cold.
   It protects you from poison.
   It affects your resistance to hostile enchantments.
   It prevents most forms of teleportation.
 p - the ring of Beauty (right hand) {Wiz *Drain rElec rF+}
   (You bought it in a shop on level 2 of the Orcish Mines)

   [ring of wizardry]

   It improves your spell success rate.
   It protects you from fire.
   It insulates you from electricity.
   It causes draining when unequipped.
 O - an uncursed ring of wizardry
Wands
 j - a wand of enslavement (8)
 o - a wand of polymorph (20)
 r - a wand of disintegration (3)
Scrolls
 a - 2 scrolls of random uselessness {unknown}
 e - 6 scrolls of enchant armour
 f - 2 scrolls of amnesia {unknown}
 q - 14 scrolls of remove curse
 t - 7 scrolls of enchant weapon
 y - 2 scrolls of torment {unknown}
 z - 2 scrolls of holy word {unknown}
 K - a scroll of fog
 L - a scroll of acquirement {unknown}
 M - a scroll of vulnerability {unknown}
 N - a scroll of brand weapon {unknown}
 P - 2 scrolls of magic mapping {unknown}
 S - a scroll of summoning {unknown}
 X - a scroll of fear {unknown}
Potions
 l - 4 potions of mutation
 m - a potion of cancellation
 s - 2 potions of magic
 E - 4 potions of brilliance
Miscellaneous
 D - a sack of spiders
 H - a lightning rod (4/4)
Comestibles
 c - 40 rations


   Skills:
 - Level 18.2(17.7) Fighting
   Level 3.0(2.6) Axes
 - Level 14.0(13.5) Armour
 - Level 11.0(10.6) Dodging
 - Level 15.0(14.5) Shields
 + Level 0.6(0.3) Transmutations
 + Level 0.8(0.4) Earth Magic
 + Level 6.2(5.8) Evocations


You had 7 spell levels left.
You knew the following spells:

 Your Spells              Type           Power        Failure   Level  Hunger
a - Statue Form           Tmut/Erth      #........    100%        6    #######
b - Regeneration          Chrm/Necr      #.........   22%         3    ####...


Dungeon Overview and Level Annotations

Branches:
Dungeon (15/15)            Temple (0/1) D:6            Lair (6/6) D:11
 Shoals (0/4) Lair:2        Snake (1/4) Lair:3        Slime (0/5) Lair:6
    Orc (2/2) D:12            Elf (0/3) Orc:2        Vaults (0/5) D:14
 Depths (0/5) D:15

Altars:
Cheibriados
Dithmenos
Elyvilon
Gozag
Kikubaaqudgha
Nemelex Xobeh
Sif Muna
Vehumet
Xom

Shops:
D:4 *   D:7 }   Orc:2 :([(=

Annotations:
D:9 1 transporter


Innate Abilities, Weirdness & Mutations

You cannot be hasted, slowed, berserked, paralysed or teleported.
You can dig through walls and to a lower floor.
Your four strong arms can wield two-handed weapons with a shield.
You have a pair of large antennae on your head. (SInv)
Scrolls take you a little longer to read.
Your body sometimes deteriorates upon taking damage.
You are very frail. (-20% HP)
You are highly resistant to hostile enchantments. (MR++)


Message History

Aiming: Enslavement
Press: ? - help, Shift-Dir - straight line, f - anaconda
Aim: an anaconda (moderately wounded, chance to defeat MR: 46%)
The anaconda resists with some effort.
You block the anaconda's attack. x2
The anaconda grabs you.
The anaconda bites you but does no damage.
The anaconda constricts you.
The anaconda's grasp on you weakens, but your attempt to escape fails.
You block the anaconda's attack.
* * * LOW HITPOINT WARNING * * *
The anaconda constricts you.
Evoke which item? (* to show all) (? for menu, Esc to quit)
Aiming: Enslavement
Press: ? - help, Shift-Dir - straight line, f/p - anaconda
Aim: an anaconda (lightly wounded, constricting you, chance to defeat MR: 46%)
The anaconda resists with some effort.
You block the anaconda's attack.
* * * LOW HITPOINT WARNING * * *
The anaconda constricts you. The anaconda bites you!
You die...
Xom snickers!

.................................
.......#................_........
.......P....................###..
...........................###...
..................#.......#.####.
.......##...#....+#.....##### #..
........................## ##[
.#P.##.....S.............# #.
.#........>....S@.......## #.
.#....#............>.....# #.
.........................#######.
......#..#####..........###..#.#.
.#....#..## ###.#...............
......#...# ###.........#.....
.)...(#...# ##..........#....
.#.......## #..........P#....
....##....#######...........#....


You could see an anaconda and a black mamba (confused).

Vanquished Creatures
  Rupert (D:13)
  An emperor scorpion (D:14)
  A very ugly thing (D:15)
  Azrael (D:13)
  A deep elf demonologist (Abyss:3)
  Snorg (Orc:2)
  A great orb of eyes (Abyss:3)
  4 hydras
  Erolcha (Orc:2)
  The ghost of SaintRoka the Grappler, a journeyman NaNe of Cheibriados (Orc:2)
  Harold (Lair:3)
  2 dancing weapons (D:14)
  A death yak (Lair:4)
  A two-headed ogre (D:8)
  3 tengu warriors
  3 orc high priests (Orc:2)
  12 spriggans (Lair:6)
  3 skeletal warriors
  A sixfirhy (Abyss:3)
  A fire crab (Orc:1)
  2 unseen horrors
  A spatial maelstrom (Abyss:3)
  2 glowing orange brains (Abyss:3)
  5 orc knights
  A mana viper (Lair:3)
  2 deep elf magi (D:15)
  An oklob plant (Lair:6)
  3 ugly things
  4 orc sorcerers
  2 manticores (D:15)
  A salamander (D:15)
  2 worldbinders (Abyss:3)
  4 cyclopes
  23 elephants
  A centaur zombie (D:13)
  Maurice (Orc:1)
  A smoke demon (Abyss:3)
  An ice statue (D:15)
  A naga mage (Lair:3)
  Psyche (D:11)
  2 gargoyles
  2 black mambas
  13 spiny frogs
  An ancient zyme (Abyss:3)
  A rime drake (Lair:6)
  A komodo dragon (Lair:6)
  An ice devil (D:15)
  3 tengu conjurers
  A harpy zombie (Abyss:3)
  4 hornets (Lair:6)
  3 trolls
  Grinder (D:3)
  3 polar bears
  15 blink frogs
  A dream sheep (Lair:6)
  A raiju (Lair:6)
  5 slime creatures (D:12)
  A centaur simulacrum (D:14)
  7 hippogriffs
  6 large abominations (Abyss:3)
  A redback (shapeshifter) (D:15)
  A ynoxinul (Abyss:3)
  2 shadows
  A redback (D:10)
  22 yaks
  A vampire (D:12)
  4 wyverns
  A hungry ghost (D:11)
  A fire elemental (D:13)
  2 chaos spawn (Abyss:3)
  8 vampire mosquitoes
  2 wargs (Orc:1)
  An acid dragon (D:14)
  3 hell hounds (D:13)
  5 porcupines
  12 water moccasins
  27 ice beasts
  6 black bears
  2 eyes of draining
  23 orc warriors
  A necrophage (D:9)
  A phantom (D:8)
  3 sky beasts
  51 wolves
  16 ogres
  9 boggarts
  13 centaurs
  3 big kobolds (D:12)
  3 crocodiles
  14 bullfrogs
  A bullfrog (shapeshifter) (D:4)
  2 gnoll sergeants (D:12)
  4 small abominations (Abyss:3)
  2 scorpions (D:8)
  A killer bee (D:8)
  3 wights (D:15)
  4 howler monkeys
  7 electric eels
  11 crimson imps
  2 bullfrog zombies
  A quasit (D:12)
  5 hounds
  13 jellies
  16 orc priests
  4 centaur skeletons
  A bullfrog skeleton (D:11)
  4 iguanas
  17 orc wizards
  4 worker ants
  A hound zombie (D:9)
  2 hound skeletons
  A worker ant zombie (D:5)
  13 gnolls
  A howler monkey skeleton (D:9)
  8 adders
  A shadow imp (D:13)
  3 white imps
  An ufetubus (Abyss:3)
  4 oozes
  3 worms
  A dart slug (D:1)
  2 leopard geckos
  59 orcs
  5 giant cockroaches
  13 goblins
  9 hobgoblins
  19 jackals
  A quokka (D:8)
  A ball python (D:2)
  6 bats
  6 frilled lizards
  A jackal skeleton (D:5)
  A jackal zombie (D:8)
  7 kobolds
  3 quokka skeletons
  A quokka zombie (D:5)
  6 rats
  A fungus (D:11)
  2 plants
695 creatures vanquished.

Vanquished Creatures (collateral kills)
  4 elephants (Lair:2)
  A hornet (Lair:6)
  A hippogriff (Lair:2)
  A spriggan (Lair:6)
  A black bear (D:8)
  An ice beast (D:8)
  An ogre (D:8)
  A phantom (D:5)
  A centaur (D:8)
  2 wolves
  A crocodile (Lair:2)
  A bullfrog (D:11)
  2 fungi
18 creatures vanquished.

Vanquished Creatures (others)
  A troll (Orc:1)
  A fire bat (D:12)
  A chaos spawn (Abyss:3)
  2 centaurs
  A jelly (D:13)
  A bush (Lair:5)
  A fire vortex (Orc:1)
  13 fungi
  9 plants
30 creatures vanquished.

Grand Total: 743 creatures vanquished

Notes
Turn   | Place    | Note
-------+----------+-------------------------------------------
     0 | D:1      | grindst0ne the Formicid Chaos Knight began the quest for the Orb.
     0 | D:1      | Reached XP level 1. HP: 18/18 MP: 1/1
   218 | D:1      | Reached XP level 2. HP: 22/25 MP: 2/2
   251 | D:1      | Reached skill level 4 in Fighting
   323 | D:1      | Reached XP level 3. HP: 20/31 MP: 3/3
   542 | D:1      | XOM: harmless Conj miscast
   557 | D:1      | XOM: silly message
  1120 | D:2      | Reached XP level 4. HP: 34/38 MP: 4/4
  1354 | D:2      | XOM: harmless Summ miscast
  1502 | D:2      | Found a sparkling altar of Nemelex Xobeh.
  1502 | D:2      | Found an opulent altar of Gozag.
  1727 | D:3      | Reached skill level 1 in Shields
  1776 | D:3      | Reached skill level 5 in Fighting
  2054 | D:3      | Noticed Grinder
  2108 | D:3      | Killed Grinder
  2108 | D:3      | Reached XP level 5. HP: 42/46 MP: 5/5
  2108 | D:3      | Reached XP level 6. HP: 47/52 MP: 6/6
  2108 | D:3      | XOM: give mutations
  2108 | D:3      | Gained mutation: You have sharp toenails. [Xom's mischief]
  2108 | D:3      | Gained mutation: You are weak. (Str -2) [Xom's mischief]
  2108 | D:3      | Gained mutation: Your magical capacity is low. (-10% MP) [Xom's mischief]
  2108 | D:3      | Gained mutation: Your system is resistant to poisons. (rPois) [Xom's mischief]
  2157 | D:3      | Found a faded altar of an unknown god.
  2251 | D:3      | Found a white marble altar of Elyvilon.
  2351 | D:3      | Reached skill level 6 in Fighting
  2360 | D:3      | Reached XP level 7. HP: 47/58 MP: 6/6
  2413 | D:3      | XOM: noise
  2513 | D:3      | XOM: give mutations
  2513 | D:3      | Gained mutation: You are frail. (-10% HP) [Xom's mischief]
  2513 | D:3      | Lost mutation: You are frail. (-10% HP) [Xom's mischief]
  2513 | D:3      | Lost mutation: You have sharp toenails. [Xom's mischief]
  2513 | D:3      | Lost mutation: You are weak. (Str -2) [Xom's mischief]
  2613 | D:3      | XOM: summons 1 hostile shadow creature
  2622 | D:4      | Found a transporter.
  2876 | D:4      | XOM: noise
  3018 | D:4      | Found a transporter.
  3151 | D:4      | Found Quozid's Assorted Antiques.
  3159 | D:4      | Bought an amethyst potion for 20 gold pieces
  3159 | D:4      | Bought a scroll labeled ISEGREG MYG for 23 gold pieces
  3159 | D:4      | Bought a scroll labeled ISEGREG MYG for 23 gold pieces
  3160 | D:4      | XOM: divination: detect items
  3378 | D:4      | XOM: noise
  3397 | D:5      | Entered Level 5 of the Dungeon
  3454 | D:5      | XOM: harmless Necr miscast
  3513 | D:5      | Reached skill level 5 in Armour
  3590 | D:5      | XOM: summons 1 hostile shadow creature
  3679 | D:5      | Reached skill level 5 in Shields
  3679 | D:5      | Reached XP level 8. HP: 52/65 MP: 7/7
  3730 | D:5      | XOM: blink monster(s)
  3802 | D:5      | Reached skill level 7 in Fighting
  3823 | D:5      | XOM: stat loss: -1 Str (17/18)
  3834 | D:5      | XOM: cast spell 'Alistair's Intoxication'
  3844 | D:5      | XOM: enchant monster (bad)
  4023 | D:5      | XOM: summons friendly quasit
  4153 | D:5      | XOM: polymorph quasit -> white imp
  4182 | D:5      | XOM: summons 4 hostile demons
  4183 | D:5      | Noticed a soul eater
  4481 | D:5      | Found an ancient bone altar of Kikubaaqudgha.
  4481 | D:5      | Found a deep blue altar of Sif Muna.
  4483 | D:5      | Found a radiant altar of Vehumet.
  4485 | D:5      | Identified Kikubaaqudgha's Collected Works on Darkness
  4626 | D:6      | XOM: harmless Fire miscast
  4652 | D:6      | Reached skill level 8 in Fighting
  4682 | D:6      | Found a staircase to the Ecumenical Temple.
  4704 | D:6      | XOM: confusion (+ monsters)
  4772 | D:6      | XOM: enchant monster (good)
  4912 | D:6      | XOM: potion effect (invisibility)
  4952 | D:6      | XOM: divination: detect creatures
  4980 | D:6      | Reached XP level 9. HP: 47/75 MP: 8/8
  5053 | D:6      | Found a shadowy altar of Dithmenos.
  5101 | D:6      | XOM: noise
  5169 | D:6      | Found a radiant altar of Vehumet.
  5360 | D:7      | XOM: noise
  5376 | D:7      | Reached skill level 9 in Fighting
  5492 | D:7      | Found Ydoim's Gadget Emporium.
  5796 | D:8      | XOM: enchant monster (bad)
  5844 | D:8      | Noticed a two-headed ogre
  5854 | D:8      | XOM: confuse monster(s)
  6055 | D:8      | XOM: enchant monster (good)
  6073 | D:8      | XOM: summons friendly iron imp
  6084 | D:8      | Killed a two-headed ogre
  6084 | D:8      | Reached skill level 10 in Fighting
  6154 | D:8      | Reached skill level 1 in Evocations
  6159 | D:8      | Reached XP level 10. HP: 65/85 MP: 9/9
  6292 | D:8      | Noticed an unseen horror
  6294 | D:8      | XOM: cast spell 'Dispersal'
  6308 | D:8      | Reached skill level 10 in Shields
  6317 | D:8      | XOM: confuse monster(s)
  6328 | D:8      | XOM: divination: magic mapping
  6333 | D:8      | XOM: summons 2 friendly demons
  6346 | D:8      | Killed an unseen horror
  6360 | D:8      | Noticed a red ugly thing
  6383 | D:8      | Killed a red ugly thing
  6383 | D:8      | Reached skill level 11 in Fighting
  6410 | D:8      | XOM: summons 2 friendly demons
  6416 | D:8      | XOM: confuse monster(s)
  6418 | D:8      | XOM: destruction
  6442 | D:8      | XOM: give mutations
  6442 | D:8      | Lost mutation: Your magical capacity is low. (-10% MP) [Xom's mischief]
  6442 | D:8      | Gained mutation: Your spells are a little easier to cast, but a little less powerful. [Xom's mischief]
  6457 | D:8      | Got a bloodstained trident
  6474 | D:8      | Got a pair of jewelled gloves
  6489 | D:8      | Identified the +4 pair of gloves of the Pleiades {rCorr} (You found it on level 8 of the Dungeon)
  6491 | D:8      | Identified the +10 trident of Kugieleh {drain, Str+7} (You found it on level 8 of the Dungeon)
  7433 | D:9      | XOM: confuse monster(s)
  7470 | D:9      | Reached skill level 5 in Evocations
  7494 | D:9      | Found a transporter.
  7520 | D:9      | XOM: mild Fire miscast
  7595 | D:10     | Entered Level 10 of the Dungeon
  7646 | D:10     | XOM: mild Pois miscast
  8119 | D:10     | XOM: give mutations
  8119 | D:10     | Gained mutation: You are weak. (Str -2) [Xom's mischief]
  8119 | D:10     | Gained mutation: You are dopey. (Int -2) [Xom's mischief]
  8446 | D:10     | Noticed a two-headed ogre
  8448 | D:10     | XOM: chaos upgrade
  8472 | D:10     | a two-headed ogre changed into a redback
  8472 | D:10     | XOM: polymorph two-headed ogre -> redback
  8830 | D:10     | Reached XP level 11. HP: 93/93 MP: 15/15
  9261 | D:10     | Noticed a tengu warrior
  9271 | D:10     | Killed a tengu warrior
  9344 | D:11     | XOM: god gift: pair of spiked gloves {god gift}
  9345 | D:11     | Got a pair of spiked gloves {god gift}
  9356 | D:11     | Identified the +2 pair of gloves of Valiance {rF+ Str+4 Int-3} (Xom gifted it to you on level 11 of the Dungeon)
  9408 | D:11     | XOM: cleaving
  9415 | D:11     | XOM: divination: magic mapping
  9420 | D:11     | Reached skill level 12 in Fighting
  9428 | D:11     | Noticed Psyche
  9429 | D:11     | XOM: summons friendly quasit
  9436 | D:11     | XOM: scenery: 2 doors open
  9450 | D:11     | You fall through a shaft for 3 floors!
  9580 | D:14     | XOM: divination: magic mapping
  9620 | D:14     | XOM: give mutation
  9620 | D:14     | Lost mutation: Your spells are a little easier to cast, but a little less powerful. [Xom's grace]
  9743 | D:14     | XOM: god gift: scroll labeled ROSONIZYWA {god gift}
  9775 | D:12     | Noticed a skeletal warrior
  9775 | D:12     | Noticed a skeletal warrior
  9785 | D:12     | XOM: summons 6 friendly demons
  9793 | D:12     | Noticed Sonja
  9795 | D:12     | Noticed Sonja
  9795 | D:12     | Sonja changed into Sonja the fire bat
  9798 | D:12     | XOM: smoke on damage
  9825 | D:12     | Killed Sonja the fire bat
  9827 | D:12     | XOM: summons 2 friendly demons
  9839 | D:12     | XOM: summons friendly white imp
  9879 | D:12     | XOM: smoke on damage
 10070 | D:11     | XOM: summons friendly crimson imp
 10071 | D:11     | XOM: scenery: 1 doors open, 2 doors close
 10076 | D:11     | Cast into level 2 of the Abyss (Psyche)
 10076 | Abyss:2  | Found a corrupted altar of Lugonu.
 10076 | D:11     | Escaped the Abyss
 10076 | D:11     | XOM: revert banishment
 10080 | D:11     | Killed Psyche
 10136 | D:11     | XOM: divination: detect creatures
 10244 | D:11     | Found a staircase to the Lair.
 10323 | D:11     | XOM: enchant monster (good)
 10698 | Lair:1   | Entered Level 1 of the Lair of Beasts
 10839 | Lair:1   | XOM: enchant monster (bad)
 10864 | Lair:1   | XOM: summons 2 friendly demons
 10868 | Lair:1   | XOM: destruction
 11028 | Lair:1   | XOM: silly message
 11133 | Lair:1   | Reached XP level 12. HP: 30/102 MP: 16/16
 11421 | Lair:1   | XOM: divination: detect creatures
 11440 | Lair:1   | XOM: potion effect (curing)
 11453 | Lair:1   | XOM: divination: detect creatures
 11926 | Lair:2   | XOM: summons friendly ufetubus
 12108 | Lair:2   | XOM: cast spell 'Summon Hydra'
 12113 | Lair:2   | You fall through a shaft for 2 floors!
 12333 | Lair:3   | Found a staircase to the Snake Pit.
 12363 | Lair:3   | Noticed Harold
 12370 | Lair:3   | XOM: divination: detect items
 12377 | Lair:3   | Killed Harold
 12499 | Lair:2   | XOM: mild Necr miscast
 12516 | Lair:2   | Reached skill level 10 in Armour
 12531 | Lair:2   | XOM: harmless Summ miscast
 12553 | Lair:2   | XOM: enchant monster (bad)
 12597 | Lair:2   | XOM: mild Hex miscast
 12751 | Lair:2   | XOM: fog
 12754 | Lair:2   | XOM: cleaving
 12841 | Lair:2   | Noticed a six-headed hydra
 12854 | Lair:2   | Killed a six-headed hydra
 12865 | Lair:2   | XOM: give mutations
 12865 | Lair:2   | Gained mutation: Your spells are a little harder to cast, but a little more powerful. [Xom's grace]
 12865 | Lair:2   | Gained mutation: You are resistant to hostile enchantments. (MR+) [Xom's grace]
 12914 | Lair:2   | Found a staircase to the Shoals.
 12950 | Lair:2   | XOM: cast spell 'Summon Mana Viper'
 12966 | Lair:2   | XOM: summons 12 friendly demons
 13302 | Lair:3   | Reached XP level 13. HP: 59/108 MP: 17/17
 13331 | Lair:3   | XOM: scenery: create altars
 13588 | Lair:3   | XOM: torment (55/108 hp)
 13804 | Lair:3   | XOM: give mutations
 13804 | Lair:3   | Gained mutation: You have large cloven feet. [Xom's grace]
 13804 | Lair:3   | Gained mutation: You are highly resistant to hostile enchantments. (MR++) [Xom's grace]
 13849 | Lair:4   | Noticed a four-headed hydra
 13860 | Lair:4   | Killed a four-headed hydra
 14104 | Lair:4   | XOM: cleaving
 14148 | Lair:4   | XOM: fog
 14183 | Lair:4   | XOM: summons friendly iron imp
 14202 | Lair:4   | XOM: scenery: create altars
 14441 | Lair:4   | XOM: god gift: scroll of teleportation
 14464 | Lair:4   | XOM: summons friendly crimson imp
 14465 | Lair:4   | Reached skill level 15 in Shields
 14513 | Lair:4   | XOM: confuse monster(s)
 14754 | Lair:4   | XOM: scenery: create altars
 14769 | Lair:4   | XOM: summons 3 hostile demons
 14851 | Lair:4   | XOM: summons friendly ufetubus
 14898 | Lair:4   | XOM: polymorph ufetubus -> white imp
 15072 | Lair:5   | XOM: fake destruction
 15238 | Lair:5   | Reached skill level 1 in Dodging
 15348 | Lair:5   | XOM is BORED!
 15348 | Lair:5   | XOM: mild Pois miscast
 15840 | Lair:6   | Entered Level 6 of the Lair of Beasts
 15862 | Lair:6   | XOM: mild Pois miscast
 15864 | Lair:6   | XOM: polymorph jelly -> ooze
 15871 | Lair:6   | XOM: enchant monster (good)
 15876 | Lair:6   | XOM: cast spell 'Ring of Flames'
 16021 | Lair:5   | XOM: mild Summ miscast
 16037 | Lair:6   | XOM: divination: magic mapping
 16067 | Lair:6   | Found a staircase to the Slime Pits.
 16088 | Lair:6   | Found a frozen archway.
 16097 | Lair:6   | XOM: divination: detect items
 16108 | Lair:6   | Reached skill level 5 in Dodging
 16118 | Lair:6   | Reached XP level 14. HP: 51/115 MP: 18/18
 16138 | Lair:6   | XOM: polymorph elephant -> raiju
 16147 | Lair:6   | XOM: summons friendly shadow imp
 16459 | IceCv    | Entered an ice cave
 16472 | IceCv    | XOM: harmless Tloc miscast
 16484 | IceCv    | XOM: noise
 16876 | Lair:6   | XOM: divination: magic mapping
 16886 | Lair:6   | XOM: swap monsters
 16890 | Lair:6   | XOM: enchant monster (good)
 16891 | Lair:6   | XOM: cleaving
 16904 | Lair:6   | XOM: blink monster(s)
 16929 | Lair:6   | XOM: harmless Fire miscast
 17102 | Lair:6   | XOM: confuse monster(s)
 17409 | Lair:6   | XOM: noise
 17552 | Lair:6   | XOM: confuse monster(s)
 17560 | Lair:6   | XOM: swap monsters
 17587 | Lair:6   | XOM: confuse monster(s)
 17598 | Lair:6   | XOM: scenery: create altars
 17661 | Lair:6   | XOM: summons 5 friendly demons
 17678 | Lair:6   | XOM: cleaving
 17821 | Lair:6   | XOM: summons 3 hostile shadow creatures
 17854 | Lair:6   | XOM: polymorph polar bear -> hornet
 17995 | Lair:6   | XOM: give mutations
 17995 | Lair:6   | Gained mutation: You evolve. [Xom's grace]
 17995 | Lair:6   | Gained mutation: You passively map a small area around you. [Xom's grace]
 17995 | Lair:6   | Gained mutation: You have sharp fingernails. [Xom's grace]
 18159 | Lair:6   | XOM: confusion (+ monsters)
 18182 | Lair:6   | Gained mutation: You have very sharp fingernails. [evolution]
 18286 | Lair:6   | Reached skill level 10 in Dodging
 18399 | Lair:6   | XOM: mild Tmut miscast
 18555 | D:12     | Reached skill level 13 in Fighting
 18555 | D:12     | Reached XP level 15. HP: 124/124 MP: 19/19
 18562 | D:12     | XOM: give mutations
 18562 | D:12     | Lost mutation: Your spells are a little harder to cast, but a little more powerful. [Xom's mischief]
 18562 | D:12     | Lost mutation: You have very sharp fingernails. [Xom's mischief]
 18562 | D:12     | Lost mutation: You are dopey. (Int -2) [Xom's mischief]
 18562 | D:12     | Lost mutation: You passively map a small area around you. [Xom's mischief]
 18920 | D:12     | XOM: harmless Tmut miscast
 18939 | D:12     | XOM: blink monster(s)
 18967 | D:12     | XOM: chaos upgrade
 18988 | D:12     | XOM: chaos upgrade
 18998 | D:11     | Cast into level 3 of the Abyss (skeletal warrior)
 19028 | D:11     | Escaped the Abyss
 19076 | D:11     | XOM: severe Tloc miscast
 19262 | D:11     | XOM: give mutations
 19262 | D:11     | Lost mutation: You are weak. (Str -2) [Xom's mischief]
 19262 | D:11     | Gained mutation: Scrolls take you a little longer to read. [Xom's mischief]
 19262 | D:11     | Gained mutation: Scrolls take you longer to read. [Xom's mischief]
 19262 | D:11     | Lost mutation: You have sharp fingernails. [Xom's mischief]
 19297 | D:12     | XOM: blink monster(s)
 19300 | D:12     | XOM: blink monster(s)
 19370 | D:12     | XOM: mild Hex miscast
 19382 | D:12     | XOM: chaos upgrade
 19441 | D:11     | XOM: summons 7 hostile demons
 19507 | D:11     | XOM: medium Pois miscast
 19600 | D:11     | XOM: god gift: scroll of teleportation
 19736 | D:12     | Found a staircase to the Orcish Mines.
 20074 | D:13     | XOM: confusion (+ monsters)
 20076 | D:13     | XOM: noise
 20192 | D:13     | XOM: harmless Fire miscast
 20316 | D:13     | Reached skill level 14 in Fighting
 20321 | D:13     | Noticed Azrael
 20338 | D:13     | XOM: noise
 20340 | D:13     | Reached XP level 16. HP: 118/133 MP: 20/20
 20363 | D:13     | Killed Azrael
 20432 | D:13     | XOM: god gift: wand of flame (20)
 20499 | D:13     | Noticed Rupert
 20502 | D:13     | Killed Rupert
 20738 | D:14     | Found a gate to the Vaults.
 20767 | D:14     | Reached skill level 15 in Fighting
 20862 | D:14     | XOM: medium Ice miscast
 21361 | D:15     | Entered Level 15 of the Dungeon
 21479 | D:15     | XOM: enchant monster (good)
 21515 | D:15     | XOM: enchant monster (good)
 21581 | D:15     | XOM: summons friendly ufetubus
 21584 | D:15     | XOM: polymorph shadow imp -> ufetubus
 21719 | D:15     | XOM: enchant monster (good)
 21762 | D:15     | Found a staircase to the Depths.
 21770 | D:15     | XOM: destruction
 21781 | D:15     | XOM: cast spell 'Necromutation'
 21794 | D:14     | XOM: god gift: 54 gold pieces
 21810 | D:14     | XOM: god gift: 3 needles of sleeping
 21847 | D:14     | XOM: scenery: 2 doors close
 22279 | D:15     | XOM: divination: magic mapping
 22327 | D:15     | Reached skill level 16 in Fighting
 22508 | D:15     | Found a snail-covered altar of Cheibriados.
 22609 | D:15     | XOM: cloud trail
 22707 | D:15     | XOM: god gift: 19 gold pieces
 22782 | D:15     | XOM: noise
 22849 | D:15     | Gained mutation: You are frail. (-10% HP) [evolution]
 23018 | D:15     | XOM: give mutations
 23018 | D:15     | Lost mutation: You evolve. [Xom's mischief]
 23018 | D:15     | Lost mutation: You have large cloven feet. [Xom's mischief]
 23049 | D:15     | XOM: harmless Summ miscast
 23215 | D:15     | XOM: harmless Hex miscast
 23333 | Orc:1    | Entered Level 1 of the Orcish Mines
 23400 | Orc:1    | XOM: harmless Conj miscast
 23486 | Orc:1    | Noticed Maurice
 23488 | Orc:1    | XOM: blink monster(s)
 23524 | Orc:1    | Killed Maurice
 23916 | Orc:1    | XOM: chaos cloud
 23939 | Orc:1    | XOM: polymorph troll -> fire crab
 24104 | Orc:1    | XOM: mild Fire miscast
 24133 | Orc:1    | Cast into level 3 of the Abyss (Xom)
 24144 | Abyss:3  | Identified the Almanac of the Peculiar Wishes
 24184 | Abyss:3  | XOM: give mutations
 24184 | Abyss:3  | Gained mutation: You are clumsy. (Dex -2) [Xom's mischief]
 24184 | Abyss:3  | Lost mutation: Scrolls take you longer to read. [Xom's mischief]
 24184 | Abyss:3  | Gained mutation: You are very frail. (-20% HP) [Xom's mischief]
 24201 | Abyss:3  | XOM: mild Chrm miscast
 24236 | Abyss:3  | Gained mutation: Your body sometimes deteriorates upon taking damage. [a neqoxec]
 24264 | Abyss:3  | XOM: summons friendly smoke demon
 24267 | Abyss:3  | XOM: god gift: book of Debilitation
 24274 | Abyss:3  | Identified Xom's Tome of Embarrassment (Xom gifted it to you on level 3 of the Abyss)
 24274 | Abyss:3  | XOM: god gift: Xom's Tome of Embarrassment
 24282 | Abyss:3  | XOM: noise
 24301 | Abyss:3  | XOM: potion effect (invisibility)
 24311 | Abyss:3  | HP: 4/111 [spatial maelstrom (15)]
 24316 | Abyss:3  | XOM: blink monster(s)
 24323 | Abyss:3  | XOM: mild Necr miscast
 24346 | Abyss:3  | XOM: divination: magic mapping
 24380 | Abyss:3  | XOM: cast spell 'Alistair's Intoxication'
 24382 | Abyss:3  | XOM: enchant monster (bad)
 24385 | Abyss:3  | Reached skill level 17 in Fighting
 24388 | Abyss:3  | XOM: cleaving
 24392 | Abyss:3  | XOM: summons 5 friendly demons
 24458 | Abyss:3  | XOM: confuse monster(s)
 24478 | Abyss:3  | XOM: scenery: create altars
 24512 | Abyss:3  | HP: 1/112 [anaconda skeleton[a glowing orange brain] (10)]
 24520 | Abyss:3  | XOM: cast spell 'Leda's Liquefaction'
 24523 | Abyss:3  | XOM: scenery: create altars
 24535 | Abyss:3  | XOM: scenery: create altars
 24573 | Abyss:3  | XOM: stat loss: -1 Str (29/30)
 24580 | Abyss:3  | HP: 5/112 [burnt (3)]
 24807 | Abyss:3  | Noticed a bone dragon
 24819 | Orc:1    | Escaped the Abyss
 25216 | Orc:2    | Entered Level 2 of the Orcish Mines
 25216 | Orc:2    | Found a staircase to the Elven Halls.
 25314 | Orc:2    | XOM: stat loss: -1 Str (29/30)
 25428 | Orc:2    | Noticed Erolcha
 25442 | Orc:2    | Killed Erolcha
 25554 | Orc:2    | Noticed SaintRoka's ghost (journeyman NaNe)
 25576 | Orc:2    | Killed SaintRoka's ghost
 25699 | Orc:2    | XOM: noise
 25712 | Orc:2    | XOM: silly message
 25736 | Orc:2    | Noticed Snorg
 25755 | Orc:2    | Killed Snorg
 25755 | Orc:2    | Reached XP level 17. HP: 104/119 MP: 21/21
 25841 | Orc:2    | Found Teppipadgh's Book Emporium.
 25928 | Orc:2    | XOM: chaos upgrade
 25953 | Orc:2    | Reached skill level 18 in Fighting
 26188 | Orc:2    | XOM: give mutations
 26188 | Orc:2    | Lost mutation: You are clumsy. (Dex -2) [Xom's mischief]
 26188 | Orc:2    | Gained mutation: Your muscles are strong. (Str +2) [Xom's mischief]
 26188 | Orc:2    | Lost mutation: Your system is resistant to poisons. (rPois) [Xom's mischief]
 26188 | Orc:2    | Lost mutation: Your muscles are strong. (Str +2) [Xom's mischief]
 26203 | Orc:2    | Found Feraf's Jewellery Shop.
 26203 | Orc:2    | Found Nostreqo's Weapon Emporium.
 26205 | Orc:2    | Found Burphag's Weapon Shop.
 26205 | Orc:2    | Found Tiadd's Armour Emporium.
 26223 | Orc:2    | Bought the ring "Wieqo" {-Tele rPois rC+ MR+ Str+4} for 535 gold pieces
 26223 | Orc:2    | Bought the ring of Beauty {Wiz *Drain rElec rF+} for 544 gold pieces
 26276 | Orc:2    | Bought a book of Transfigurations for 605 gold pieces
 26284 | Orc:2    | Learned a level 6 spell: Statue Form
 26309 | Orc:2    | Learned a level 3 spell: Regeneration
 26483 | Orc:2    | Bought the +3 troll leather armour of Qomugunu {-Tele +Inv Regen+ Int+6} for 714 gold pieces
 26702 | Snake:1  | Entered Level 1 of the Snake Pit
 26795 | Lair:3   | XOM: mild Fire miscast
 26840 | Snake:1  | HP: 4/120 [anaconda (4)]
 26845 | Snake:1  | HP: 6/120 [poisoned by a naga ritualist (toxic radiance)]
 26858 | Snake:1  | XOM: fog
 26860 | Snake:1  | HP: 5/120 [black mamba (8)]
 26861 | Lair:3   | XOM: confuse monster(s)
 26870 | Lair:3   | Slain by an anaconda

Skill      XL: |  1  2  3  4  5  6  7  8  9 10 11 12 13 14 15 16 17 |
---------------+----------------------------------------------------+-----
Fighting       | 4 5 6 8 10 11 12 13 14 17 18 | 18.2
Shields        | 3 5 7 9 11 13 14 15 | 15.0
Armour         | 4 5 8 11 14 | 14.0
Evocations     | 1 5 6 |  6.2
Dodging        | 5 10 11 | 11.0
Axes           | |  3.0
Transmutations | |  0.6
Earth Magic    | |  0.8

Action                   |  1- 3 |  4- 6 |  7- 9 | 10-12 | 13-15 | 16-18 || total
-------------------------+-------+-------+-------+-------+-------+-------++-------
Melee: Hand axe          |    91 |   148 |   149 |       |       |       ||   388
       Dagger            |       |       |   381 |   123 |       |       ||   504
       Trident           |       |       |       |   491 |  1041 |   829 ||  2361
Throw: Throwing net      |       |       |       |     1 |       |       ||     1
 Abil: Dig               |       |       |    12 |    17 |    32 |   102 ||   163
       Shaft Self        |       |       |       |     2 |       |       ||     2
Evoke: Wand              |       |       |     5 |    26 |     2 |    51 ||    84
       Sack of spiders   |       |       |       |     2 |       |     3 ||     5
  Use: Potion            |       |     2 |       |     3 |    11 |    24 ||    40
       Scroll            |       |       |     9 |     2 |     6 |     4 ||    21
 Stab: Paralysed         |     1 |       |     3 |    26 |       |    19 ||    49
       Confused          |       |     2 |     1 |     2 |     4 |       ||     9
       Petrified         |       |       |    10 |       |       |    11 ||    21
       Invisible         |       |       |     2 |       |     4 |     1 ||     7
       Petrifying        |       |       |     1 |       |       |       ||     1
  Eat: Chunk             |     1 |     4 |    12 |    19 |    25 |    20 ||    81
       Ration            |       |       |     1 |     3 |     2 |     4 ||    10
Armor: Scale mail        |     3 |       |       |       |       |       ||     3
       Chain mail        |    46 |   104 |   194 |       |       |       ||   344
       Skin              |       |    12 |       |       |       |       ||    12
       Plate armour      |       |       |    54 |   474 |   583 |   341 ||  1452
       Troll leather arm |       |       |       |       |       |    14 ||    14
Dodge: Dodged            |    23 |    47 |   188 |   237 |   547 |   458 ||  1500
Block: Buckler           |     5 |    20 |   131 |   235 |   327 |       ||   718
       Shield            |       |       |       |       |   267 |   878 ||  1145
       Reflection        |       |       |       |       |       |     8 ||     8
